 Dungeon Crawl Stone Soup version 0.21.1-1-g345015f (webtiles) character file.

375 grindst0ne the Skirmisher (level 7, -7/57 HPs)
             Began as a Human Artificer on Feb 27, 2018.
             Was an Initiate of Okawaru.
             Mangled by grindst0ne's ghost (9 damage)
             ... on level 4 of the Dungeon.
             The game lasted 00:08:19 (4436 turns).

grindst0ne the Skirmisher (Human Artificer)         Turns: 4436, Time: 00:08:19

Health: -7/57      AC:  4    Str: 12 (14) XL:     7   Next: 3%
Magic:  10/10      EV: 17    Int: 13 (14) God:    Okawaru [......]
Gold:   115        SH:  0    Dex: 16 (18) Spells: 6/6 levels left

rFire    . . .     SeeInvis .   p - +0 hand axe (flame)
rCold    . . .     Gourm    .   (no shield)
rNeg     . . .     Faith    .   b - +0 leather armour
rPois    .         Spirit   .   (no helmet)
rElec    .         Reflect  .   (no cloak)
rCorr    .         Harm     .   a - +0 pair of gloves
MR       .....                  (no boots)
Stlth    +++.......             (no amulet)
HPRegen  0.19/turn              (no ring)
MPRegen  0.12/turn              (no ring)

@: agile
A: clever 1, deterioration 1, mutation resistance 1
a: Renounce Religion


You were on level 4 of the Dungeon.
You worshipped Okawaru.
Okawaru was noncommittal.
You were not hungry.

You visited 1 branch of the dungeon, and saw 4 of its levels.

You collected 115 gold pieces.

Inventory:

Hand Weapons
 p - a +0 hand axe of flaming (weapon)
Armour
 a - a +0 pair of gloves (worn)
 b - a +0 leather armour (worn)
Wands
 d - a wand of enslavement (15)
 e - a wand of random effects (2)
Scrolls
 g - 7 scrolls of identify {unknown}
 j - 2 scrolls of noise {unknown}
 l - 2 scrolls of amnesia {unknown}
 m - 2 scrolls of remove curse {unknown}
 n - a scroll of fear {unknown}
 o - a scroll of blinking {unknown}
 q - 2 scrolls of teleportation {unknown}
 u - a scroll of immolation {unknown}
 v - a scroll of magic mapping {unknown}
Potions
 h - a potion of might {unknown}
 i - 3 potions of degeneration
 k - a potion of magic {unknown}
 r - 2 potions of cancellation {unknown}
 t - a potion of ambrosia {unknown}
Comestibles
 f - 6 rations
 s - 2 chunks of flesh


   Skills:
 + Level 5.9 Fighting
   Level 1.0 Short Blades
 - Level 2.0 Dodging
 - Level 1.0 Stealth
 - Level 4.2 Evocations


You had 6 spell levels left.
You didn't know any spells.

Dungeon Overview and Level Annotations

Branches:
Dungeon (4/15)
 Temple: D:4-7

Altars:
Ashenzari
Dithmenos
Makhleb
Okawaru
Ru
Sif Muna
Trog
Xom
Yredelemnul

Annotations:
D:4 grindst0ne's ghost, novice HuAr


Innate Abilities, Weirdness & Mutations

Your mind is acute. (Int +2)
Your body sometimes deteriorates upon taking damage.
You are somewhat resistant to further mutation.


Message History

Grindst0ne's ghost hits you!
Evoke which item? (* to show all) (? for menu, Esc to quit)
Aiming: Random Effects
Press: ? - help, Shift-Dir - straight line, f/p - grindst0ne's ghost
Aim: grindst0ne's ghost (severely damaged, fast) Grindst0ne's ghost flickers and vanishes!
Deactivating autopickup; reactivate with Ctrl-A.
Something hits you!
Your body deteriorates!
You feel weakened. Something hits you!
* * * LOW HITPOINT WARNING * * *
It was a potion of agility.
You feel agile all of a sudden. Something hits you!
* * * LOW HITPOINT WARNING * * *
It was a potion of degeneration.
There was something very wrong with that liquid.
You feel weakened.
You feel dopey.
You feel clumsy. Something hits you!
You die...

#.........########
#...............(#
#.######+#.#####.#
#.######...#
#.......####
#######.# #.# #.#
#@# .....h{....#
.....##.##.# <...
... # ... .## ##
.# . ##


You could see a hound.

Vanquished Creatures
  Sigmund (D:2)
  A bullfrog zombie (D:2)
  Terence (D:3)
  2 adders (D:3)
  4 gnolls (D:3)
  3 oozes (D:1)
  5 worms
  A leopard gecko (D:1)
  An orc (D:3)
  5 ball pythons
  7 giant cockroaches
  7 goblins
  7 hobgoblins
  7 jackals (D:1)
  11 kobolds
  8 bats
  5 frilled lizards
  A quokka skeleton (D:4)
  8 rats
85 creatures vanquished.

Vanquished Creatures (others)
  2 bats (D:1)
2 creatures vanquished.

Grand Total: 87 creatures vanquished

Notes
Turn   | Place    | Note
-------+----------+-------------------------------------------
     0 | D:1      | grindst0ne the Human Artificer began the quest for the Orb.
     0 | D:1      | Reached XP level 1. HP: 15/15 MP: 3/3
   173 | D:1      | Reached XP level 2. HP: 10/21 MP: 4/4
   719 | D:1      | Reached skill level 2 in Fighting
   724 | D:1      | Reached XP level 3. HP: 22/27 MP: 5/5
  1446 | D:1      | Reached XP level 4. HP: 33/34 MP: 6/6
  2165 | D:2      | Found an iron altar of Okawaru.
  2179 | D:2      | Gained mutation: You are somewhat resistant to further mutation. [potion of mutation]
  2179 | D:2      | Gained mutation: Your body sometimes deteriorates upon taking damage. [potion of mutation]
  2179 | D:2      | Gained mutation: Your mind is acute. (Int +2) [potion of mutation]
  2494 | D:2      | Became a worshipper of Warmaster Okawaru
  2564 | D:2      | Reached skill level 3 in Fighting
  2812 | D:2      | Found a burning altar of Makhleb.
  2812 | D:2      | Found a shimmering altar of Xom.
  2925 | D:2      | Reached XP level 5. HP: 35/41 MP: 8/8
  3056 | D:2      | Noticed Sigmund
  3060 | D:2      | Killed Sigmund
  3060 | D:2      | Reached skill level 5 in Fighting
  3060 | D:2      | Reached XP level 6. HP: 45/51 MP: 9/9
  3343 | D:3      | Found a shadowy altar of Dithmenos.
  3391 | D:3      | Noticed Terence
  3462 | D:3      | Found a shattered altar of Ashenzari.
  3776 | D:3      | Reached * piety under Okawaru
  3954 | D:3      | Found a bloodstained altar of Trog.
  3954 | D:3      | Found a basalt altar of Yredelemnul.
  3954 | D:3      | Found a sacrificial altar of Ru.
  4106 | D:3      | Found a deep blue altar of Sif Muna.
  4215 | D:3      | Killed Terence
  4215 | D:3      | Reached XP level 7. HP: 57/57 MP: 10/10
  4428 | D:4      | Noticed grindst0ne's ghost (novice HuAr)
  4435 | D:4      | HP: 2/57 [something (7)]
  4436 | D:4      | Mangled by grindst0ne's ghost

Skill      XL: |  1  2  3  4  5 |
---------------+----------------+-----
Fighting       | 2 3 5 |  5.9
Evocations     | 4 |  4.2
Short Blades   | |  1.0
Dodging        | |  2.0
Stealth        | |  1.0

Action                   |  1- 3 |  4- 6 |  7- 9 || total
-------------------------+-------+-------+-------++-------
Melee: Short sword       |   132 |    64 |       ||   196
       Hand axe          |       |   132 |     6 ||   138
Evoke: Wand              |     2 |    22 |     4 ||    28
  Use: Potion            |       |     3 |     2 ||     5
 Stab: Sleeping          |       |     1 |       ||     1
  Eat: Chunk             |     2 |     9 |     1 ||    12
Armor: Leather armour    |    23 |    56 |     2 ||    81
Dodge: Dodged            |   106 |   157 |     2 ||   265
